 Dungeon Crawl Stone Soup version 0.30.0-17-ge0270778cf (webtiles) character file.

Game seed: 18269664170401657906

3411 zazu2006 the Fighter (level 10, -3/82 HPs)
             Began as a Gnoll Wanderer on May 21, 2023.
             Was a Follower of Vehumet.
             Killed from afar by an electric eel (7 damage)
             ... with a bolt of electricity
             ... on level 7 of the Dungeon.
             The game lasted 00:16:05 (7320 turns).

zazu2006 the Fighter (Gnoll Wanderer)               Turns: 7320, Time: 00:16:06

Health: -3/82      AC:  3    Str: 19    XL:     10   Next: 4%
Magic:  19/19      EV: 14    Int: 15    God:    Vehumet [*.....]
Gold:   119        SH:  0    Dex: 13    Spells: 16/21 levels left

rFire   . . .        P - +10 spear "Utiar" {chaos, Dex+2}
rCold   . . .        (no shield)
rNeg    . . .        b - +0 leather armour
rPois   .            (no helmet)
rElec   .            (no cloak)
rCorr   .            (no gloves)
SInv    .            (no boots)
Will    .....        r - amulet of regeneration
Stlth   +++          e - ring of flight
HPRegen 1.13/turn    q - +6 ring of strength
MPRegen 0.16/turn

%: no passive effects
@: flying
A: fangs 1, strong nose, distributed training
a: Renounce Religion


You were on level 7 of the Dungeon.
You worshipped Vehumet.
Vehumet was aware of your devotion.
You visited 2 branches of the dungeon, and saw 8 of its levels.

You collected 391 gold pieces.
You spent 272 gold pieces at shops.

Inventory:

Hand Weapons
 g - a +1 short sword of holy wrath
 L - a +2 dagger of venom
 P - the +10 spear "Utiar" (weapon) {chaos, Dex+2}
   (You bought it in a shop on level 7 of the Dungeon)

   Dex:       It affects your dexterity (+2).
Missiles
 j - 19 poisoned darts (quivered)
 v - 2 throwing nets
Armour
 b - a +0 leather armour (worn)
Jewellery
 e - a ring of flight (left hand)
 i - a ring of magical power
 n - a ring of willpower
 q - a +6 ring of strength (right hand)
 r - an amulet of regeneration (around neck)
 s - the ring "Baterr" {rF+ rC- Str-2 Int+6 Slay+5}
   (You found it on level 2 of the Dungeon)

   [ring of protection from fire]

   Str:       It affects your strength (-2).
   Int:       It affects your intelligence (+6).
   Slay:      It affects your accuracy & damage with ranged weapons and melee
   (+5).
   rF:        It protects you from fire.
   rC:        It makes you vulnerable to cold.
 t - a ring of wizardry
 u - an amulet of faith
 M - a ring of protection from cold
Wands
 N - a wand of quicksilver (9)
Scrolls
 c - 6 scrolls of teleportation
 f - a scroll of immolation {unknown}
 l - a scroll of magic mapping {unknown}
 m - 4 scrolls of enchant weapon {unknown}
 o - 5 scrolls of identify {unknown}
 p - a scroll of vulnerability {unknown}
 y - a scroll of enchant armour {unknown}
 A - 2 scrolls of brand weapon {unknown}
 B - a scroll of acquirement {unknown}
 D - a scroll of blinking {unknown}
 E - a scroll of silence {unknown}
 F - 3 scrolls of poison {unknown}
 I - a scroll of fear {unknown}
 J - a scroll of summoning {unknown}
 K - a scroll of amnesia {unknown}
Potions
 a - a potion of attraction {unknown}
 d - 2 potions of brilliance {unknown}
 h - a potion of resistance {unknown}
 k - 2 potions of heal wounds {unknown}
 w - a potion of cancellation {unknown}
 x - 2 potions of flight
 z - a potion of curing {unknown}
 C - a potion of berserk rage {unknown}
 G - a potion of lignification {unknown}
 H - 2 potions of might {unknown}
 O - 2 potions of magic


   Skills:
 + Level 8.8 Fighting
 + Level 5.7 Short Blades
 + Level 5.7 Long Blades
 + Level 5.7 Axes
 + Level 5.7 Maces & Flails
 + Level 5.7 Polearms
 + Level 5.7 Staves
 + Level 5.7 Ranged Weapons
 + Level 5.7 Throwing
 + Level 5.7 Armour
 + Level 5.7 Dodging
 + Level 6.2 Stealth
 + Level 5.7 Shields
 + Level 5.7 Unarmed Combat
 + Level 6.4 Spellcasting
 + Level 4.7 Conjurations
 + Level 5.2 Hexes
 + Level 4.7 Summonings
 + Level 4.7 Necromancy
 + Level 4.7 Translocations
 + Level 4.7 Transmutations
 + Level 4.7 Fire Magic
 + Level 6.1 Ice Magic
 + Level 4.7 Air Magic
 + Level 4.7 Earth Magic
 + Level 4.7 Poison Magic
 + Level 6.2 Invocations
 + Level 7.4 Evocations


You had 16 spell levels left.
You knew the following spells:

 Your Spells              Type           Power      Damage    Failure   Level
a - Magic Dart            Conj           76%        1d6       2%          1
b - Freeze                Ice            92%        1d9       1%          1
c - Sandblast             Erth           38%        2d10      2%          1
d - Blink                 Tloc           38%        N/A       3%          2

Your spell library contained the following spells:

 Spells                   Type           Power      Damage    Failure   Level
 Slow                     Hex            80%        N/A       1%          1
 Lesser Beckoning         Tloc           38%        N/A       3%          2
 Momentum Strike          Conj/Tloc      38%        3d9       3%          2
 Scorch                   Fire           38%        2d6       3%          2
 Searing Ray              Conj           38%        2d5       3%          2
 Tukima's Dance           Hex            20%        N/A       5%          3
 Ice Form                 Ice/Tmut       21%        N/A       17%         4
 Summon Ice Beast         Ice/Summ       21%        N/A       17%         4
 Fulminant Prism          Conj/Hex       9%         3d7       21%         4
 Flame Wave               Conj/Fire      19%        2d7       22%         4
 Summon Cactus Giant      Summ           9%         N/A       98%         6


Dungeon Overview and Level Annotations

Branches:
Dungeon (7/15)             Temple (1/1) D:6

Altars:
Ashenzari
Cheibriados
Dithmenos
Elyvilon
Fedhas
Gozag
Kikubaaqudgha
Makhleb
Nemelex Xobeh
Qazlal
Sif Muna
Trog
Uskayaw
Vehumet
Wu Jian
Xom
Zin
The Shining One

Shops:
D:7 ((((:

Annotations:
D:4 1 runed translucent door, ystael's ghost, amateur MiFi


Innate Abilities, Weirdness & Mutations

You have very sharp teeth.
Your uncanny sense of smell can sniff out nearby items.
Your experience applies equally to all skills.


Message History

You hit the hound. Lightning courses through the hound!!
You kill the hound!
Vehumet accepts your kill.
You see here a hound corpse.
You swap places.
You see here a hound corpse.
A hound is nearby!
You puncture the hound! You freeze the hound. Your bite misses the hound.
The hound is severely wounded.
The hound closely misses you. The hound bites you but does no damage.
You puncture the hound!
You kill the hound!
Vehumet accepts your kill.
You see here a hound corpse.
An electric eel comes into view.
The electric eel shoots out a bolt of lightning at Pikel!
The bolt of electricity hits you!
The bolt of electricity hits Pikel!
A steam dragon comes into view.
The electric eel shoots out a bolt of lightning at you!
The bolt of electricity hits you! x2
The steam dragon hisses angrily.
The electric eel shoots out a bolt of lightning at you!
The bolt of electricity hits you! x2
The steam dragon breathes steam at you. The ball of steam hits you!
* * * LOW HITPOINT WARNING * * *
It was a potion of flight.
You feel more buoyant.
You are engulfed in a cloud of scalding steam.
* * * LOW HITPOINT WARNING * * *
The electric eel shoots out a bolt of lightning at you!
The bolt of electricity hits you!
* * * LOW HITPOINT WARNING * * *
The bolt of electricity hits you.
* * * LOW HITPOINT WARNING * * *
Okay, then.
You swap places.
The electric eel shoots out a bolt of lightning at you!
The bolt of electricity hits Pikel!
The bolt of electricity hits you!
You die...

∆ ∆ ∆ ###########
##..........
#≈≈≈≈~S~~~~≈
#~~~~~~§~~≈~
#....§D.... ##Z#####
### ##@###.†## ##..
##.##..##.## ####.##
#.########.###Z..###
#.#.Z†###.#.#.###.##
##.###...###.## ##.#
##################)
....#.#..†.#....#.
#..#...#..#.......
................#.


You could see an electric eel (ally target) and the friendly Pikel the kobold
zombie.

Vanquished Creatures
  Pikel (D:7)
  Prince Ribbit (D:7)
  Sigmund (D:2)
  A fire bat (D:7)
  A water moccasin (D:4)
  An orc warrior (D:7)
  A sky beast (D:7)
  An ice beast (D:5)
  A black bear (D:5)
  2 ogres
  A centaur (D:6)
  3 lemures (D:7)
  2 phantoms
  A kobold brigand (D:6)
  3 bullfrogs
  5 scorpions
  A killer bee (D:7)
  2 howler monkeys (D:7)
  5 jellies
  2 gnoll boudas (D:5)
  4 orc priests
  7 hounds
  A sleepcap (D:7)
  2 iguanas
  An orc wizard (D:7)
  8 gnolls
  5 adders
  2 white imps
  An ufetubus (D:4)
  2 worms
  5 dart slugs
  14 orcs
  11 ball pythons
  14 endoplasms
  4 giant cockroaches
  3 goblins (D:1)
  9 hobgoblins
  7 jackals
  20 kobolds
  5 quokkas
  4 bats
  3 frilled lizards
  3 rats
171 creatures vanquished.

Notes
Turn   | Place    | Note
-------+----------+-------------------------------------------
     0 | D:1      | zazu2006 the Gnoll Wanderer began the quest for the Orb.
     0 | D:1      | zazu2006 set off with the following items: a +0 club, a +0
                  | leather armour, 2 scrolls of teleportation; and the
                  | following spells available to memorise: Freeze, Slow,
                  | Tukima's Dance, Ice Form, Summon Ice Beast.
     0 | D:1      | Reached XP level 1. HP: 23/23 MP: 4/4
   240 | D:1      | Reached XP level 2. HP: 26/29 MP: 5/5
   620 | D:1      | Reached XP level 3. HP: 30/35 MP: 7/7
   622 | D:1      | Learned a level 1 spell: Freeze
   918 | D:1      | Reached skill level 1 in Invocations
  1046 | D:2      | Reached skill level 1 in Short Blades
  1046 | D:2      | Reached skill level 1 in Long Blades
  1046 | D:2      | Reached skill level 1 in Axes
  1046 | D:2      | Reached skill level 1 in Maces & Flails
  1046 | D:2      | Reached skill level 1 in Polearms
  1046 | D:2      | Reached skill level 1 in Staves
  1046 | D:2      | Reached skill level 1 in Ranged Weapons
  1046 | D:2      | Reached skill level 1 in Throwing
  1046 | D:2      | Reached skill level 1 in Armour
  1046 | D:2      | Reached skill level 1 in Dodging
  1046 | D:2      | Reached skill level 1 in Shields
  1046 | D:2      | Reached skill level 1 in Unarmed Combat
  1108 | D:2      | Learned a level 1 spell: Magic Dart
  1311 | D:2      | Reached XP level 4. HP: 41/41 MP: 8/8
  1324 | D:2      | Reached skill level 1 in Conjurations
  1324 | D:2      | Reached skill level 1 in Summonings
  1324 | D:2      | Reached skill level 1 in Necromancy
  1324 | D:2      | Reached skill level 1 in Translocations
  1324 | D:2      | Reached skill level 1 in Transmutations
  1324 | D:2      | Reached skill level 1 in Fire Magic
  1324 | D:2      | Reached skill level 1 in Air Magic
  1324 | D:2      | Reached skill level 1 in Earth Magic
  1324 | D:2      | Reached skill level 1 in Poison Magic
  1353 | D:2      | Reached skill level 7 in Fighting
  1353 | D:2      | Reached skill level 5 in Stealth
  1353 | D:2      | Reached skill level 5 in Spellcasting
  1353 | D:2      | Reached skill level 5 in Ice Magic
  1353 | D:2      | Reached XP level 5. HP: 12/49 MP: 12/12
  1588 | D:2      | Found a faded altar of an unknown god.
  1638 | D:2      | Noticed Sigmund
  1647 | D:2      | Killed Sigmund
  1648 | D:2      | Reached skill level 8 in Fighting
  1648 | D:2      | Reached XP level 6. HP: 41/56 MP: 13/13
  2102 | D:2      | Identified the ring "Baterr" {rF+ rC- Str-2 Int+6 Slay+5}
  2464 | D:3      | Found a stormy altar of Qazlal.
  3130 | D:4      | Reached XP level 7. HP: 62/62 MP: 15/15
  3161 | D:4      | Reached skill level 5 in Invocations
  3333 | D:4      | Found a runed translucent door.
  3334 | D:4      | Noticed ystael's ghost (amateur MiFi)
  3926 | D:5      | Entered Level 5 of the Dungeon
  4201 | D:5      | Reached XP level 8. HP: 26/68 MP: 9/16
  4643 | D:5      | Learned a level 2 spell: Blink
  5289 | D:6      | Found a staircase to the Ecumenical Temple.
  5301 | Temple   | Entered the Ecumenical Temple
  5405 | Temple   | Became a worshipper of Vehumet
  5468 | D:6      | Reached skill level 5 in Short Blades
  5468 | D:6      | Reached skill level 5 in Long Blades
  5468 | D:6      | Reached skill level 5 in Axes
  5468 | D:6      | Reached skill level 5 in Maces & Flails
  5468 | D:6      | Reached skill level 5 in Polearms
  5468 | D:6      | Reached skill level 5 in Staves
  5468 | D:6      | Reached skill level 5 in Ranged Weapons
  5468 | D:6      | Reached skill level 5 in Throwing
  5468 | D:6      | Reached skill level 5 in Armour
  5468 | D:6      | Reached skill level 5 in Dodging
  5468 | D:6      | Reached skill level 5 in Shields
  5468 | D:6      | Reached skill level 5 in Unarmed Combat
  5852 | D:6      | Reached * piety under Vehumet
  5852 | D:6      | Offered knowledge of Sandblast by Vehumet.
  5855 | D:6      | Learned a level 1 spell: Sandblast
  6096 | D:6      | Reached XP level 9. HP: 66/75 MP: 16/18
  6400 | D:7      | Noticed Prince Ribbit
  6422 | D:7      | Found Osoutepn's Antique Weapon Emporium.
  6640 | D:7      | Found Jateunwi's Weapon Shop.
  6677 | D:7      | Killed Prince Ribbit
  6678 | D:7      | Reached skill level 5 in Hexes
  6868 | D:7      | Found Saguwn's Antique Weapon Shop.
  6991 | D:7      | Bought a translucent spear for 272 gold pieces
  6991 | D:7      | Identified the +10 spear "Utiar" {chaos, Dex+2} (You bought
                  | it in a shop on level 7 of the Dungeon)
  7006 | D:7      | Found Ykoant's Weapon Shoppe.
  7103 | D:7      | Found Orynt's Book Boutique.
  7214 | D:7      | Noticed Pikel
  7220 | D:7      | Killed Pikel
  7232 | D:7      | Reached XP level 10. HP: 57/82 MP: 19/19
  7319 | D:7      | HP: 3/82 [electric eel/bolt of electricity (6)]
  7320 | D:7      | Killed from afar by an electric eel

Illustrated notes

Levels and vault maps discovered:
D:1:      dpeg_arrival_windows_large_door, layout_loops_cross, st_stairs_8
D:2:      cheibrodos_fertilizer, layout_loops_cross,
          shapermc_ecumenical_altar_acropolis, uniq_sigmund
D:3:      layout_loops_ring, mainiacjoe_overflow_brackets, saegor_snake_ambush
D:4:      layout_loops_ring, hellmonk_ghost_happy_afterlife
D:5:      layout_basic
D:6:      layout_cave_pools, temple_fountains, serial_co_window_serial,
          co_window_of_opportunity_a, co_window_corner_a, co_window_paths_b,
          co_window_corner_a, co_window_paths_b, co_window_of_opportunity_c,
          co_window_corner_cb, co_window_paths_c, co_window_2corner,
          co_window_of_opportunity_c, co_window_4corner_b, co_window_sun,
          glass_columns_a, glass_columns_b
D:7:      wad_river_or_something, layout_cave_pools, serial_shops,
          nicolae_shop_competitors_out_of_business, nicolae_shop_trees, shop,
          shop, st_stairs_4, nicolae_inconvenience_store, uniq_pikel,
          uniq_prince_ribbit1, uniq_crazy_yiuf_cottage
Temple:   minmay_temple_bridge_d

Skill      XL: |  1  2  3  4  5  6  7  8  9 |
---------------+----------------------------+-----
Hexes          | 2 4 5 |  5.2
Invocations    | 1 4 5 6 |  6.2
Short Blades   | 1 4 5 |  5.7
Long Blades    | 1 4 5 |  5.7
Axes           | 1 4 5 |  5.7
Maces & Flails | 1 4 5 |  5.7
Polearms       | 1 4 5 |  5.7
Staves         | 1 4 5 |  5.7
Ranged Weapons | 1 4 5 |  5.7
Throwing       | 1 4 5 |  5.7
Armour         | 1 4 5 |  5.7
Dodging        | 1 4 5 |  5.7
Shields        | 1 4 5 |  5.7
Unarmed Combat | 1 4 5 |  5.7
Spellcasting   | 5 6 |  6.4
Conjurations   | 3 4 |  4.7
Summonings     | 3 4 |  4.7
Necromancy     | 3 4 |  4.7
Translocations | 3 4 |  4.7
Transmutations | 3 4 |  4.7
Fire Magic     | 3 4 |  4.7
Air Magic      | 3 4 |  4.7
Earth Magic    | 3 4 |  4.7
Poison Magic   | 3 4 |  4.7
Fighting       | 7 8 |  8.8
Stealth        | 5 6 |  6.2
Ice Magic      | 5 6 |  6.1
Evocations     | 6 7 |  7.4

Action                     |  1- 3 |  4- 6 |  7- 9 | 10-12 || total
---------------------------+-------+-------+-------+-------++-------
  Melee: Club              |    47 |       |       |       ||    47
         Bite              |     9 |    12 |    32 |     1 ||    54
         Short sword       |    58 |   104 |   154 |       ||   316
         Punch             |     2 |     4 |    12 |       ||    18
         Dagger            |       |       |   142 |       ||   142
         Spear             |       |       |    14 |    11 ||    25
  Throw: Dart              |     1 |       |       |       ||     1
   Cast: Freeze            |    20 |    31 |    85 |       ||   136
         Magic Dart        |     6 |     9 |    21 |       ||    36
         Sandblast         |       |       |     3 |       ||     3
    Use: Potion            |       |     2 |       |     1 ||     3
   Stab: Sleeping          |     4 |     9 |    13 |       ||    26
 Armour: Leather armour    |    30 |    21 |    41 |     1 ||    93
  Dodge: Dodged            |    67 |    64 |   227 |     6 ||   364
